 Dungeon Crawl Stone Soup version 0.21-a0-508-gf08a75f (webtiles) character file.

20697 kiturien the Carver (level 12, -40/107 HPs)
             Began as a Minotaur Fighter on Nov 28, 2017.
             Was a High Priest of Wu Jian.
             Annihilated by a titanic slime creature (81 damage)
             ... on level 12 of the Dungeon.
             The game lasted 00:41:04 (10497 turns).

kiturien the Carver (Minotaur Fighter)             Turns: 10497, Time: 00:41:05

Health: -40/107    AC: 25    Str: 31    XL:     12   Next: 47%
Magic:  11/11      EV: 14    Int:  5    God:    Wu Jian [*****.]
Gold:   482        SH: 14    Dex: 10    Spells: 11/11 levels left

rFire    . . .     SeeInvis .   y - +3 long sword (holy)
rCold    + . .     Gourm    .   c - +0 shield
rNeg     . . .     Faith    .   m - +5 chain mail
rPois    .         Spirit   .   (helmet restricted)
rElec    .         Reflect  .   C - +2 cloak
rCorr    .         Harm     .   w - +2 pair of gloves
MR       .....                  (no boots)
Stlth    ..........             (no amulet)
HPRegen  0.27/turn              x - +3 ring of strength
MPRegen  0.12/turn              s - ring of protection from cold

@: no status effects
A: retaliatory headbutt, horns 2, repulsion field 1, icy blue scales 1,
camouflage 1, blink, strong 1
a: Blink, Serpent's Lash, Heavenly Storm, Renounce Religion


You were on level 12 of the Dungeon.
You worshipped Wu Jian.
Wu Jian was extremely pleased with you.
You were not hungry.

You visited 2 branches of the dungeon, and saw 13 of its levels.

You collected 638 gold pieces.
You spent 156 gold pieces at shops.

Inventory:

Hand Weapons
 q - a +0 scimitar of flaming
 y - a +3 long sword of holy wrath (weapon)
Armour
 c - a +0 shield (worn)
 m - a +5 chain mail (worn)
 w - a +2 pair of gloves (worn)
 C - a +2 cloak (worn)
Jewellery
 e - an uncursed ring of flight
 s - a ring of protection from cold (right hand)
 x - a +3 ring of strength (left hand)
Wands
 a - a wand of acid (8)
 G - a wand of random effects (36)
Scrolls
 b - 3 scrolls of enchant armour
 g - a scroll of immolation
 h - 11 scrolls of identify
 n - 3 scrolls of fear
 o - a scroll of fog
 p - 3 scrolls of remove curse
 t - a scroll of magic mapping
 A - 4 scrolls of teleportation
 F - a scroll of blinking
Potions
 d - 2 potions of might
 k - a potion of invisibility
 l - 2 potions of flight
 r - 5 potions of curing
 u - 5 potions of agility
 B - a potion of cancellation
 D - a potion of heal wounds
Comestibles
 f - 11 bread rations
 i - 8 fruits
 j - 6 royal jellies
 v - 7 chunks of flesh
 z - 5 meat rations
 E - a mutagenic chunk of flesh


   Skills:
 * Level 10.3 Fighting
 * Level 14.5 Long Blades
 * Level 10.4 Armour
 * Level 7.4 Dodging
 * Level 12.5 Shields


You had 11 spell levels left.
You didn't know any spells.

Dungeon Overview and Level Annotations

Branches:
Dungeon (12/15)            Temple (1/1) D:4            Lair (0/6) D:11
    Orc (0/2) D:12

Altars:
Ashenzari
Cheibriados
Dithmenos
Elyvilon
Fedhas
Gozag
Hepliaklqana
Kikubaaqudgha
Makhleb
Nemelex Xobeh
Okawaru
Qazlal
Ru
Sif Muna
Trog
Uskayaw
Vehumet
Wu Jian
Xom
Yredelemnul
Zin
The Shining One

Shops:
D:5 (   D:8 (:(

Annotations:
D:3 2 transporters


Innate Abilities, Weirdness & Mutations

You reflexively headbutt those who attack you in melee.
You have a pair of horns on your head.
You are surrounded by a mild repulsion field. (EV +2)
You are partially covered in icy blue scales. (AC +2)
Your skin changes colour to match your surroundings (Stealth+).
You can translocate small distances at will.
Your muscles are strong. (Str +2)


Message History

You headbutt the titanic slime creature!
The titanic slime creature is heavily wounded.
The titanic slime creature hits you!!!
You hear a shout!
Some of the chunks of flesh in your inventory have rotted away.
You slash the titanic slime creature!
The titanic slime creature is heavily wounded.
The titanic slime creature hits you but does no damage.
Unknown command.
You completely miss the titanic slime creature.
The titanic slime creature is heavily wounded.
You hit the titanic slime creature.
You headbutt the titanic slime creature!
The titanic slime creature is severely wounded.
The titanic slime creature hits you!!
You barely miss the titanic slime creature.
The titanic slime creature is severely wounded.
The titanic slime creature hits you!!!!
Ouch! That really hurt!
You die...

*****,,,,,,,*,******* *,,,,* **
,,,,,,,,,,,,,..,,,,,# *,,,,* *,
*****+*****,*#.#*##.# *,,,,* *,
,,,<,,,,***,,...,.#.#****,,,,***,
,,,,,,,,+,,,,,..,...,,,,,,,,,,,,,
,,,,,,,,******#.#..,,,,,,,,,,,,,,
≈≈≈≈,,,,,,* *...*.#****,,,,,,,,
,≈≈,,,,,,,* *#J#*..,**,.,,*,,,,
,,,,,,,,,,* #@##.####.**,*,,*,
********≈** #..#.#...,,,,*,,**
*******≈≈≈#######.#.#.###.##*,,,,
,,,,,,,,,...................,,,,,
***,,,,,,≈#######......##..#*,***
,**,*≈≈≈,≈* ##.........#*,*
,**,*≈≈≈,≈* #..#'#.##.##.*
,**,*≈≈≈,≈* ###..#.........***
*,,,,,≈≈,≈***###≈≈..#.........,,*


You could see a titanic slime creature.

Vanquished Creatures
  A rakshasa (D:11)
  Erica (D:8)
  An ogre mage (D:11)
  A centaur warrior (D:11)
  An unseen horror (D:11)
  Pikel (D:5)
  3 ugly things
  A deep elf mage (D:12)
  A kobold demonologist (D:11)
  2 komodo dragons (D:11)
  A freezing wraith (D:11)
  2 hornets (D:11)
  The ghost of tof the Slasher, an amateur DsMo (D:4)
  6 hippogriffs
  10 spriggans (D:11)
  2 wraiths
  A shadow (D:11)
  A water elemental (D:12)
  23 yaks
  4 hungry ghosts
  4 hogs (D:8)
  A human (D:8)
  Eustachio (D:4)
  Edmund (D:4)
  An acid dragon (D:11)
  2 orc warriors
  3 sky beasts
  2 ice beasts
  3 phantoms
  A black bear (D:11)
  A boggart (D:11)
  A slave (D:5)
  7 centaurs
  2 necrophages
  9 ogres
  A crocodile (D:12)
  Blork the orc (D:5)
  2 big kobolds
  4 bullfrogs
  A gnoll sergeant (D:8)
  2 scorpions
  A water moccasin skeleton (D:10)
  12 killer bees
  A centaur zombie (D:9)
  A bullfrog zombie (D:11)
  4 crimson imps
  2 quasits
  4 hounds
  2 jellies
  2 centaur skeletons
  8 orc priests
  Natasha (thrice) (D:4)
  2 bullfrog skeletons
  3 iguanas
  17 orc wizards
  Ijyb (D:4)
  8 worker ants
  2 hound skeletons
  2 howler monkey zombies (D:8)
  A worker ant zombie (D:11)
  3 gnolls (D:8)
  10 adders
  2 shadow imps
  3 oozes
  3 adder skeletons
  An adder zombie (D:6)
  A worm (D:3)
  3 dart slugs
  2 leopard geckos
  67 orcs
  A ball python (D:7)
  5 giant cockroaches
  6 goblins
  6 hobgoblins
  20 jackals
  19 kobolds
  8 quokkas
  5 bats
  5 frilled lizards
  A quokka zombie (D:6)
  11 rats
  2 butterflies (D:6)
374 creatures vanquished.

Vanquished Creatures (others)
  A black bear (D:5)
  12 plants (D:11)
13 creatures vanquished.

Grand Total: 387 creatures vanquished

Notes
Turn   | Place    | Note
-------+----------+-------------------------------------------
     0 | D:1      | kiturien the Minotaur Fighter began the quest for the Orb.
     0 | D:1      | Reached XP level 1. HP: 19/19 MP: 0/0
    41 | D:1      | Reached XP level 2. HP: 18/27 MP: 1/1
   359 | D:1      | Reached XP level 3. HP: 33/33 MP: 2/2
   469 | D:2      | Reached skill level 3 in Long Blades
   734 | D:2      | Reached XP level 4. HP: 40/40 MP: 3/3
  1093 | D:2      | Found an opulent altar of Gozag.
  1364 | D:3      | Reached skill level 1 in Dodging
  1450 | D:3      | Reached skill level 4 in Long Blades
  1500 | D:3      | Reached XP level 5. HP: 43/47 MP: 4/4
  1632 | D:3      | Found a glowing silver altar of Zin.
  1633 | D:3      | Noticed a sky beast
  1635 | D:3      | Found a transporter.
  1830 | D:3      | Found a transporter.
  2170 | D:4      | Noticed tof's ghost (amateur DsMo)
  2209 | D:4      | Killed tof's ghost
  2209 | D:4      | Reached skill level 5 in Long Blades
  2209 | D:4      | Reached skill level 5 in Shields
  2209 | D:4      | Reached XP level 6. HP: 27/53 MP: 5/5
  2315 | D:4      | Noticed Eustachio
  2327 | D:4      | Killed Eustachio
  2327 | D:4      | Reached skill level 6 in Long Blades
  2327 | D:4      | Reached skill level 5 in Armour
  2327 | D:4      | Reached XP level 7. HP: 50/60 MP: 6/6
  2352 | D:4      | Noticed Ijyb
  2370 | D:4      | Killed Ijyb
  2376 | D:4      | Reached skill level 5 in Fighting
  2529 | D:4      | Noticed Edmund
  2543 | D:4      | Killed Edmund
  2795 | D:4      | Noticed a hippogriff
  2797 | D:4      | Noticed Natasha
  2806 | D:4      | Killed a hippogriff
  2806 | D:4      | Reached skill level 7 in Long Blades
  2815 | D:4      | Killed Natasha
  2815 | D:4      | Reached XP level 8. HP: 47/68 MP: 7/7
  2825 | D:4      | Noticed Natasha
  2829 | D:4      | Killed Natasha
  3081 | D:4      | Noticed Natasha
  3092 | D:4      | Killed Natasha
  3188 | D:4      | Gained mutation: Your magical capacity is low. (-10% MP) [potion of mutation]
  3188 | D:4      | Gained mutation: You are somewhat resistant to further mutation. [potion of mutation]
  3188 | D:4      | Gained mutation: You are partially covered in slimy green scales. (AC +2) [potion of mutation]
  3189 | D:4      | Lost mutation: Your magical capacity is low. (-10% MP) [potion of mutation]
  3189 | D:4      | Lost mutation: You are somewhat resistant to further mutation. [potion of mutation]
  3189 | D:4      | Lost mutation: You are partially covered in slimy green scales. (AC +2) [potion of mutation]
  3189 | D:4      | Gained mutation: You occasionally shout uncontrollably at your foes. [potion of mutation]
  3189 | D:4      | Gained mutation: Your skin changes colour to match your surroundings (Stealth+). [potion of mutation]
  3498 | D:4      | Found a staircase to the Ecumenical Temple.
  3504 | Temple   | Entered the Ecumenical Temple
  3558 | Temple   | Became a worshipper of the Wu Jian Council
  3674 | D:5      | Entered Level 5 of the Dungeon
  3854 | D:5      | Gained mutation: You can translocate small distances at will. [mutagenic meat]
  3855 | D:5      | Gained mutation: You are resistant to hostile enchantments. (MR+) [mutagenic meat]
  3857 | D:5      | Gained mutation: You are partially covered in icy blue scales. (AC +2) [mutagenic meat]
  3858 | D:5      | Gained mutation: You do not regenerate when monsters are visible. [mutagenic meat]
  3860 | D:5      | Gained mutation: Your muscles are strong. (Str +2) [mutagenic meat]
  3870 | D:5      | Noticed Pikel
  3888 | D:5      | Killed Pikel
  3888 | D:5      | Reached skill level 8 in Long Blades
  3979 | D:5      | Noticed a hippogriff
  3986 | D:5      | Killed a hippogriff
  4048 | D:5      | Found Otunuky's Antique Weapon Emporium.
  4056 | D:5      | Bought a runed long sword for 156 gold pieces
  4241 | D:5      | Noticed Blork the orc
  4248 | D:5      | Reached XP level 9. HP: 51/75 MP: 8/8
  4259 | D:5      | Killed Blork the orc
  4449 | D:6      | Found a shimmering altar of Xom.
  4577 | D:6      | Reached skill level 9 in Long Blades
  4828 | D:6      | Reached * piety under Wu Jian
  5312 | D:7      | Found a shattered altar of Ashenzari.
  5369 | D:7      | Found a shadowy altar of Dithmenos.
  5385 | D:7      | Reached skill level 10 in Long Blades
  5539 | D:7      | Reached XP level 10. HP: 76/86 MP: 9/9
  5588 | D:7      | Found a sparkling altar of Nemelex Xobeh.
  5603 | D:7      | Reached skill level 5 in Dodging
  6028 | D:8      | Found Ruyhuz's Book Shoppe.
  6038 | D:8      | Noticed Erica
  6049 | D:8      | Killed Erica
  6049 | D:8      | Reached skill level 11 in Long Blades
  6068 | D:8      | Found Buubec's Antique Weapon Boutique.
  6111 | D:8      | Reached ** piety under Wu Jian
  6275 | D:8      | Found an ancient bone altar of Kikubaaqudgha.
  6416 | D:8      | Found Hifiqus's Weapon Shop.
  6484 | D:8      | Found a basalt altar of Yredelemnul.
  6575 | D:8      | Reached *** piety under Wu Jian
  6579 | D:8      | Reached skill level 10 in Shields
  6788 | D:9      | Noticed a green ugly thing
  6800 | D:9      | Killed a green ugly thing
  6800 | D:9      | Reached skill level 12 in Long Blades
  7260 | D:9      | Lost mutation: You do not regenerate when monsters are visible. [potion of mutation]
  7260 | D:9      | Lost mutation: You are resistant to hostile enchantments. (MR+) [potion of mutation]
  7260 | D:9      | Lost mutation: You can translocate small distances at will. [potion of mutation]
  7260 | D:9      | Lost mutation: You occasionally shout uncontrollably at your foes. [potion of mutation]
  7260 | D:9      | Gained mutation: You can translocate small distances at will. [potion of mutation]
  7260 | D:9      | Gained mutation: You are surrounded by a mild repulsion field. (EV +2) [potion of mutation]
  7399 | D:9      | Reached XP level 11. HP: 95/95 MP: 10/10
  7561 | D:10     | Entered Level 10 of the Dungeon
  8474 | D:11     | Reached skill level 13 in Long Blades
  8561 | D:11     | Noticed a skeletal warrior
  8561 | D:11     | Noticed a skeletal warrior
  8561 | D:11     | Noticed a skeletal warrior
  8561 | D:11     | Noticed a skeletal warrior
  8590 | D:11     | Noticed a white ugly thing
  8610 | D:11     | Killed a white ugly thing
  8624 | D:11     | Reached **** piety under Wu Jian
  8931 | D:11     | Found a staircase to the Lair.
  9142 | D:11     | Killed an unseen horror
  9142 | D:11     | Reached XP level 12. HP: 87/106 MP: 11/11
  9544 | D:11     | Reached skill level 14 in Long Blades
  9544 | D:11     | Reached skill level 10 in Armour
  9558 | D:11     | Gained mutation: Your magical capacity is low. (-10% MP) [mutagenic meat]
  9559 | D:11     | Lost mutation: Your magical capacity is low. (-10% MP) [mutagenic meat]
  9617 | D:12     | Noticed a rakshasa
  9617 | D:12     | Noticed a centaur warrior
  9619 | D:12     | Noticed an ogre mage
  9938 | D:11     | Reached ***** piety under Wu Jian
  9939 | D:11     | Killed an ogre mage
  9939 | D:11     | Reached skill level 10 in Fighting
  9946 | D:11     | Killed a centaur warrior
  9990 | D:11     | Killed a rakshasa
 10497 | D:12     | Annihilated by a titanic slime creature

Vault maps used:
D:1:      scummos_arrival_forest
D:2:      nicolae_gozag_seed_capital
D:3:      gammafunk_temple_overflow_arena
D:4:      temple_green, uniq_natasha, uniq_ijyb, uniq_eustachio, uniq_edmund
D:5:      serial_shops, kennysheep_little_box, first_bread, uniq_blork_the_orc,
          uniq_pikel
D:6:      xom_butterflies
D:7:      cheibrodos_ashenzari_chains, nemelex_xobeh_ov_fountains_minmay,
          serial_glass, glass_columns_a, glass_columns_a, item_on_display_a,
          minmay_strange_pillars, basic_altar
D:8:      kiku_gazebo_garden_becter, yredelemnul_altar_generic, serial_shops,
          shop, nicolae_shop_trees, nicolae_shop_overgrown_old_shop,
          grunt_livestock, uniq_erica
D:11:     kb_forest_paths, david_lair_shrubbed
D:12:     minmay_ambush_box, hiddenorc1_lemuel, lab_entry_generic
Temple:   regret_index_temple_waves

Skill      XL: |  1  2  3  4  5  6  7  8  9 10 11 12 |
---------------+-------------------------------------+-----
Shields        | 4 5 6 7 9 10 11 12 | 12.5
Fighting       | 4 5 6 7 8 9 10 | 10.3
Armour         | 4 5 6 7 9 10 | 10.4
Long Blades    | 3 4 5 6 7 8 10 12 13 14 | 14.5
Dodging        | 1 2 3 4 6 7 |  7.4

Action                   |  1- 3 |  4- 6 |  7- 9 | 10-12 || total
-------------------------+-------+-------+-------+-------++-------
Melee: Long sword        |    97 |   163 |   299 |   836 ||  1395
       Headbutt          |     9 |    31 |    64 |   181 ||   285
       Unarmed           |       |       |       |     1 ||     1
  Use: Potion            |     2 |     3 |     2 |     5 ||    12
       Scroll            |     3 |     7 |     7 |    10 ||    27
  Eat: Chunk             |       |     5 |    17 |    22 ||    44
Armor: Scale mail        |    36 |       |       |       ||    36
       Chain mail        |    23 |    68 |   136 |   237 ||   464
Dodge: Dodged            |    24 |    32 |    69 |   207 ||   332
Block: Shield            |    73 |    92 |   140 |   380 ||   685
       Rpst.: Long sword |     6 |     6 |    16 |    53 ||    81

Table legend:
 A = Spawn XP
 B = Non-spawn XP
 C = Spawn XP percentage of total XP
 D = Spawn monster count
 E = Non-spawn monster count
 F = Spawn count percentage of total count
 G = Total turns spent on level
                    A         B        C        D         E        F      G
               +---------+---------+-------+---------+---------+-------+---------
         Total |       0 |   29568 |   0.0 |       0 |     372 |   0.0 | 10497
               +---------+---------+-------+---------+---------+-------+---------
           D:1 |       0 |      50 |   0.0 |       0 |      25 |   0.0 |   454
           D:2 |       0 |      57 |   0.0 |       0 |      21 |   0.0 |   770
           D:3 |       0 |     228 |   0.0 |       0 |      37 |   0.0 |   928
           D:4 |       0 |    1213 |   0.0 |       0 |      23 |   0.0 |  1398
           D:5 |       0 |    1396 |   0.0 |       0 |      19 |   0.0 |   692
           D:6 |       0 |     744 |   0.0 |       0 |      19 |   0.0 |   939
           D:7 |       0 |    1973 |   0.0 |       0 |      21 |   0.0 |   679
           D:8 |       0 |    3512 |   0.0 |       0 |      50 |   0.0 |   799
           D:9 |       0 |    2063 |   0.0 |       0 |      24 |   0.0 |   778
          D:10 |       0 |    1590 |   0.0 |       0 |      32 |   0.0 |   671
          D:11 |       0 |   14817 |   0.0 |       0 |      80 |   0.0 |  1986
          D:12 |       0 |    1925 |   0.0 |       0 |      21 |   0.0 |   279
               +---------+---------+-------+---------+---------+-------+---------
